[Event "FRA-ch Open A-D 2018"]
[Site "Nimes"]
[Date "2018.08.22"]
[Round "5"]
[White "Sabatier, Mathis"]
[Black "Ben Hamed, Cherif"]
[Result "1-0"]
[ECO "A43"]
[WhiteElo "1904"]
[BlackElo "1935"]
[Annotator "NA"]
[PlyCount "45"]
[EventDate "2018.08.18"]
[EventType "tourn"]
[EventCountry "FRA"]
[SourceTitle "playchess.com"]
[Source "ChessBase"]
[SourceQuality "1"]
[TimeControl "40/5400+30:1800+30"]

1. d4 g6 2. c4 c5 3. d5 Bg7 4. Nc3 Bxc3+ 5. bxc3 f5 $14 {[%emt 0:00:08] LiveBook: 425 Games} 6. Nf3 Nf6 7. Qc2 d6 8. Bf4 Qa5 9. Nd2 Nbd7 10. f3 Nb6 11. e3 Bd7 12. Bd3 O-O-O 13. O-O e5 14. dxe6 Bxe6 15. Rfb1 Qa4 16. Qb2 Rd7 17. Bc2 Qa6 18. a4 Re8 19. a5 Nxc4 20. Qc1 Nd5 21. Ba4 Ncxe3 22. Bxe3 Nxe3 23. Bb5 1-0

[Event "FRA-ch Open A-D 2018"]
[Site "Nimes"]
[Date "2018.08.22"]
[Round "5"]
[White "Pigeat, Benoit"]
[Black "Famel, Edouard"]
[Result "1/2-1/2"]
[ECO "B40"]
[WhiteElo "1868"]
[BlackElo "1762"]
[Annotator "NA"]
[PlyCount "86"]
[EventDate "2018.08.18"]
[EventType "tourn"]
[EventCountry "FRA"]
[SourceTitle "playchess.com"]
[Source "ChessBase"]
[SourceQuality "1"]
[TimeControl "40/5400+30:1800+30"]

1. e4 c5 2. Nf3 e6 3. c3 Nf6 4. e5 Nd5 5. d4 cxd4 6. cxd4 Nc6 $11 {[%emt 0:00:22] LiveBook: 309 Games} 7. Nc3 d6 8. Bb5 Bd7 9. Nxd5 exd5 10. O-O dxe5 11. Bxc6 bxc6 12. Nxe5 Be7 13. Bf4 O-O 14. Rc1 Rc8 15. Qa4 Bf6 16. Nxd7 Qxd7 17. h3 Rfe8 18. Rfe1 Re6 19. Re3 Rxe3 20. Bxe3 h6 21. b4 Qb7 22. b5 cxb5 23. Rxc8+ Qxc8 24. Qxb5 Qd8 25. a4 Bg5 26. Bxg5 Qxg5 27. g3 Qd8 28. a5 Kh7 29. a6 Qf6 30. Qb1+ g6 31. Qb7 Qxd4 32. Qxf7+ Qg7 33. Qb7 Kh8 34. Kg2 Qd4 35. Qc8+ Kg7 36. Qd7+ Kf6 37. Qd6+ Kf7 38. Qd7+ Kf6 39. Qd8+ Kf7 40. Qc7+ Kf6 41. Qh7 Qb6 42. Qh8+ Kf7 43. Qh7+ Kf6 1/2-1/2

[Event "FRA-ch Open A-D 2018"]
[Site "Nimes"]
[Date "2018.08.22"]
[Round "5"]
[White "Dimey, Cyrille"]
[Black "Destic, Pablo"]
[Result "*"]
[WhiteElo "1807"]
[BlackElo "1921"]
[Annotator "NA"]
[PlyCount "75"]
[EventDate "2018.08.18"]
[EventType "tourn"]
[EventCountry "FRA"]
[SourceTitle "playchess.com"]
[Source "ChessBase"]
[SourceQuality "1"]
[TimeControl "40/5400+30:1800+30"]

1. d4 d5 2. c4 e6 3. Nc3 Nf6 4. cxd5 exd5 5. Bg5 Be7 6. e3 c6 7. Bd3 Ne4 8. Bxe7 Qxe7 9. Qc2 Nd6 10. Nf3 Nd7 11. O-O Nf6 12. b4 Nfe4 13. a4 O-O 14. b5 Nxc3 15. Qxc3 cxb5 16. axb5 Be6 17. Qb4 Rfc8 18. Rfc1 Rxc1+ 19. Rxc1 Rc8 20. Rxc8+ Nxc8 21. Qc5 Qd8 22. h3 f6 23. Bc2 Qd7 24. Nd2 b6 25. Qb4 Nd6 26. Bd3 g6 27. Nb1 Kf7 28. Nc3 Qc7 29. Qb3 Nc4 30. Be2 f5 31. Qb4 Qd6 32. Qxd6 Nxd6 33. Bf3 Ne4 34. Nxe4 dxe4 35. Be2 Ba2 36. g4 Ke6 37. gxf5+ gxf5 38. Kg2 *

[Event "FRA-ch Open A-D 2018"]
[Site "Nimes"]
[Date "2018.08.22"]
[Round "5"]
[White "Alashtar, Aasef"]
[Black "Silvera, Ruben"]
[Result "1-0"]
[ECO "A00"]
[WhiteElo "1724"]
[BlackElo "1688"]
[Annotator "NA"]
[PlyCount "34"]
[EventDate "2018.08.18"]
[EventType "tourn"]
[EventCountry "FRA"]
[SourceTitle "playchess.com"]
[Source "ChessBase"]
[SourceQuality "1"]
[TimeControl "40/5400+30:1800+30"]

1. g3 e5 2. Bg2 d5 3. d3 Nf6 4. Nd2 Bd6 5. e4 c6 6. Ne2 Na6 7. O-O h5 8. exd5 cxd5 9. d4 h4 10. dxe5 Bxe5 11. Nf3 Bd6 12. Nxh4 Nc5 13. Bg5 Ne6 14. Bxf6 Qxf6 15. Qxd5 Nc7 16. Qe4+ Be6 17. Nd4 Qd8 1-0

[Event "FRA-ch Open A-D 2018"]
[Site "Nimes"]
[Date "2018.08.22"]
[Round "5"]
[White "Rasolo, Loick"]
[Black "Sauret, Jordan"]
[Result "1-0"]
[ECO "C01"]
[WhiteElo "1723"]
[BlackElo "1543"]
[Annotator "NA"]
[PlyCount "65"]
[EventDate "2018.08.18"]
[EventType "tourn"]
[EventCountry "FRA"]
[SourceTitle "playchess.com"]
[Source "ChessBase"]
[SourceQuality "1"]
[TimeControl "40/5400+30:1800+30"]

1. e4 e6 2. d4 d5 3. exd5 exd5 4. Nf3 Bd6 5. Bd3 Nf6 6. O-O O-O 7. Bg5 Bg4 8. h3 Bh5 9. g4 Bg6 10. Ne5 Nbd7 11. Nxd7 Qxd7 12. Bxf6 gxf6 13. Qf3 Kg7 14. Nc3 c6 15. Ne2 Rfe8 16. Ng3 Bxg3 17. fxg3 Qe6 18. Rae1 Be4 19. Qf4 Rad8 20. Rf2 Qd6 21. Rfe2 Qxf4 22. gxf4 f5 23. Kf2 h5 24. gxf5 Kf6 25. Bxe4 dxe4 26. Rxe4 Rxe4 27. Rxe4 Rd5 28. Ke3 Rb5 29. b3 Ra5 30. a4 b5 31. Re5 a6 32. Rc5 h4 33. Kd3 1-0

[Event "FRA-ch Open A-D 2018"]
[Site "Nimes"]
[Date "2018.08.22"]
[Round "5"]
[White "Lebret, Loriane"]
[Black "Greget, Mathias"]
[Result "0-1"]
[ECO "C00"]
[WhiteElo "1696"]
[BlackElo "1577"]
[Annotator "NA"]
[PlyCount "90"]
[EventDate "2018.08.18"]
[EventType "tourn"]
[EventCountry "FRA"]
[SourceTitle "playchess.com"]
[Source "ChessBase"]
[SourceQuality "1"]
[TimeControl "40/5400+30:1800+30"]

1. e4 e6 2. d4 d5 3. Bd3 dxe4 4. Bxe4 Nf6 5. Bf3 c5 6. Ne2 Nc6 7. c3 Be7 8. O-O O-O 9. dxc5 Ne5 10. Nd4 Nxf3+ 11. Qxf3 Bxc5 12. Rd1 Qd5 13. Qxd5 Nxd5 14. Nb3 Be7 15. N1d2 b6 16. Nf3 Rd8 17. c4 Nb4 18. Rxd8+ Bxd8 19. Bf4 Ba6 20. c5 Bc4 21. Bd6 Bxb3 22. axb3 Nd5 23. b4 a5 24. c6 Rc8 25. b5 Bc7 26. Bxc7 Nxc7 27. Nd4 Rd8 28. Nf3 Nxb5 29. Rc1 f6 30. Kf1 e5 31. Ke2 Kf7 32. Nd2 Rc8 33. Kd3 Nd4 34. c7 Ne6 35. Rc6 b5 36. Ne4 Rxc7 37. Rb6 Nc5+ 38. Ke3 Nxe4 39. Kxe4 Rc2 40. Rb7+ Kg6 41. f4 exf4 42. Rxb5 Rxg2 43. h3 Rh2 44. Kxf4 Rxh3 45. Rxa5 Rb3 0-1

[Event "FRA-ch Open A-D 2018"]
[Site "Nimes"]
[Date "2018.08.22"]
[Round "5"]
[White "Cregut, Marian"]
[Black "Malassagne, Jerome"]
[Result "1-0"]
[ECO "B13"]
[WhiteElo "1638"]
[BlackElo "1721"]
[Annotator "NA"]
[PlyCount "103"]
[EventDate "2018.08.18"]
[EventType "tourn"]
[EventCountry "FRA"]
[SourceTitle "playchess.com"]
[Source "ChessBase"]
[SourceQuality "1"]
[TimeControl "40/5400+30:1800+30"]

1. e4 c6 2. d4 d5 3. exd5 cxd5 4. Bd3 Nf6 5. c3 Bg4 6. Qb3 Qc8 7. Bf4 Nbd7 8. h3 Bh5 9. Nd2 e6 10. Ngf3 Bxf3 11. Nxf3 Be7 12. O-O O-O 13. Rfe1 Nb6 14. Rad1 Nc4 15. Bb1 Nd6 16. Ne5 Rd8 17. Qc2 g6 18. f3 Nh5 19. Bh2 Bh4 20. g4 Ng7 21. Re2 b5 22. Qd2 Be7 23. Qf4 Rf8 24. Rg2 a5 25. Bg3 Ra6 26. h4 Qd8 27. Qh6 Rb6 28. Bf4 b4 29. h5 Nc4 30. hxg6 fxg6 31. Nxg6 e5 32. Nxe7+ Qxe7 33. Qxh7+ Kf7 34. Bh6 Rg8 35. Bxg7 Rxg7 36. Qf5+ Qf6 37. Qd7+ Kf8 38. Qxd5 Ne3 39. Qa8+ Kf7 40. dxe5 Qe7 41. Rd8 Nxg2 42. Bf5 Rb7 43. Kxg2 bxc3 44. Rf8+ Qxf8 45. Qxb7+ Kg8 46. Qb3+ Kh8 47. Kf1 Rc7 48. bxc3 Qc5 49. Qe6 Qxc3 50. Qh6+ Kg8 51. Be6+ Rf7 52. Qg6+ 1-0

[Event "FRA-ch Open A-D 2018"]
[Site "Nimes"]
[Date "2018.08.22"]
[Round "5"]
[White "Davidou, Delphine"]
[Black "Plumat, Thibaud"]
[Result "1-0"]
[ECO "C42"]
[WhiteElo "1446"]
[BlackElo "1400"]
[Annotator "NA"]
[PlyCount "76"]
[EventDate "2018.08.18"]
[EventType "tourn"]
[EventCountry "FRA"]
[SourceTitle "playchess.com"]
[Source "ChessBase"]
[SourceQuality "1"]
[TimeControl "40/5400+30:1800+30"]

1. e4 e5 2. Nf3 Nf6 3. Nxe5 d6 4. Nf3 Nxe4 5. Nc3 Nf6 6. d4 d5 7. Bg5 Be7 8. Be2 O-O 9. O-O h6 10. Bh4 Bf5 11. Re1 c6 12. Bd3 Bxd3 13. Qxd3 Bb4 14. a3 Ba5 15. b4 Bc7 16. Re2 Nbd7 17. Rae1 Bd6 18. Ne5 Qc7 19. Bg3 Nb6 20. b5 Nh5 21. bxc6 bxc6 22. Re3 Nxg3 23. Rxg3 Rfe8 24. Rge3 f6 25. Ng4 Nc4 26. Rxe8+ Rxe8 27. Rxe8+ Kf7 28. Re1 h5 29. Nh6+ gxh6 30. Qh7+ Kf8 31. Qxh6+ Qg7 32. Qxh5 Be7 33. Re6 Nd6 34. Na4 Qf7 35. Qh8+ Qg8 36. Qxg8+ Kxg8 37. Rxe7 a5 38. Re6 Kf7 1-0

[Event "FRA-ch Open A-D 2018"]
[Site "Nimes"]
[Date "2018.08.22"]
[Round "5"]
[White "Leccia, Thomas"]
[Black "Sithisak, Remi"]
[Result "0-1"]
[ECO "B90"]
[WhiteElo "1408"]
[BlackElo "1360"]
[Annotator "NA"]
[PlyCount "84"]
[EventDate "2018.08.18"]
[EventType "tourn"]
[EventCountry "FRA"]
[SourceTitle "playchess.com"]
[Source "ChessBase"]
[SourceQuality "1"]
[TimeControl "40/5400+30:1800+30"]

1. e4 c5 2. Nf3 d6 3. d4 cxd4 4. Nxd4 Nf6 5. Nc3 a6 6. Bc4 e6 7. Bb3 Be7 8. O-O b5 9. a3 O-O 10. Be3 Bd7 11. f4 Qc7 12. h3 Nc6 13. Nf3 e5 14. Nd5 Nxd5 15. exd5 Na5 16. Ba2 Rac8 17. Qd2 Nc4 18. Bxc4 Qxc4 19. c3 e4 20. Ne1 f5 21. Rb1 Bf6 22. Nc2 a5 23. Bb6 Bd8 24. Bxd8 Rfxd8 25. Ne3 Qc5 26. Rfe1 g5 27. Qf2 h6 28. fxg5 hxg5 29. Qg3 Kf7 30. Qxg5 Rh8 31. Kh2 Rcg8 32. Qf4 Rh5 33. Rf1 Ke8 34. Qf2 Rgh8 35. Qg3 f4 36. Qxf4 Bxh3 37. Qxe4+ Kd8 38. Rf8+ Rxf8 39. gxh3 Rf2+ 40. Kg3 Re2 41. Kf3 Rxe3+ 42. Qxe3 Rxh3+ {[%emt 0:00:23] Qe4 Qe3+ Kxe3} 0-1

[Event "FRA-ch Open A-D 2018"]
[Site "Nimes"]
[Date "2018.08.22"]
[Round "5"]
[White "Thoreux-Josso, Aaron"]
[Black "Jugeau, Frederic"]
[Result "0-1"]
[ECO "B01"]
[WhiteElo "1399"]
[BlackElo "1409"]
[Annotator "NA"]
[PlyCount "59"]
[EventDate "2018.08.18"]
[EventType "tourn"]
[EventCountry "FRA"]
[SourceTitle "playchess.com"]
[Source "ChessBase"]
[SourceQuality "1"]
[TimeControl "40/5400+30:1800+30"]

1. e4 d5 2. exd5 Qxd5 3. Nc3 Qa5 4. d4 Nf6 5. Bd2 c6 6. h3 Bf5 7. Nf3 Nbd7 8. Bc4 e6 9. O-O Qc7 10. Re1 Be7 11. Ne2 Bd6 12. Qc1 h6 13. Bf4 g5 14. Bxd6 Qxd6 15. Ng3 O-O-O 16. c3 g4 17. hxg4 Bxg4 18. Ne5 Qf8 19. Qc2 Nxe5 20. Rxe5 Nd5 21. b4 f6 22. Re4 Qg7 23. b5 Rhg8 24. bxc6 Bf5 25. cxb7+ Kb8 26. Rb1 h5 27. Qe2 h4 28. Rxh4 Bxb1 29. Qxe6 Rge8 30. Qf5 0-1

[Event "FRA-ch Open A-D 2018"]
[Site "Nimes"]
[Date "2018.08.22"]
[Round "5"]
[White "Grimault, Leane"]
[Black "Panneullier, Franck"]
[Result "1/2-1/2"]
[ECO "A11"]
[WhiteElo "1376"]
[BlackElo "1476"]
[Annotator "NA"]
[PlyCount "99"]
[EventDate "2018.08.18"]
[EventType "tourn"]
[EventCountry "FRA"]
[SourceTitle "playchess.com"]
[Source "ChessBase"]
[SourceQuality "1"]
[TimeControl "40/5400+30:1800+30"]

1. c4 c6 2. g3 Nf6 3. Bg2 e5 4. Nc3 Bb4 5. d3 Bxc3+ 6. bxc3 d6 7. Nf3 Nbd7 8. O-O O-O 9. h3 Re8 10. Bb2 Qc7 11. Qc2 Rb8 12. Nd2 a6 13. a4 Nf8 14. d4 exd4 15. cxd4 Rxe2 16. Qc3 Qe7 17. d5 Qe5 18. Qd3 Bf5 19. Qf3 Qxb2 20. Qxe2 Re8 21. Qd1 Qd4 22. Re1 Rxe1+ 23. Qxe1 c5 24. Rc1 N8d7 25. Nf3 Qe4 26. Qxe4 Bxe4 27. Nd2 Bg6 28. Nb3 Ne5 29. Na5 Nd3 30. Rc3 b6 31. Nc6 Kf8 32. Bf1 Nxf2 33. Rb3 N2e4 34. g4 Nd7 35. Rb2 a5 36. Ra2 f6 37. Na7 Nc3 38. Ra1 Ne4 39. Nc8 Ke8 40. Bd3 Kd8 41. Bxe4 Kxc8 42. Bxg6 hxg6 43. Rc1 Ne5 44. Kg2 Kc7 45. Kg3 Kd7 46. Rc3 Kc7 47. Kf4 Kd7 48. Kg3 Ke7 49. Kf4 Kd7 50. Kg3 1/2-1/2

[Event "FRA-ch Open A-D 2018"]
[Site "Nimes"]
[Date "2018.08.23"]
[Round "6"]
[White "Pupier, Terry"]
[Black "Bianchi, Guillaume"]
[Result "1/2-1/2"]
[ECO "B47"]
[WhiteElo "2068"]
[BlackElo "2064"]
[Annotator "NA RC"]
[PlyCount "132"]
[EventDate "2018.08.18"]
[EventType "tourn"]
[EventCountry "FRA"]
[SourceTitle "playchess.com"]
[Source "ChessBase"]
[SourceQuality "1"]
[TimeControl "40/5400+30:1800+30"]

1. e4 c5 2. Nf3 e6 3. d4 cxd4 4. Nxd4 Nc6 5. Nc3 Qc7 6. Be2 Nf6 7. O-O Be7 8. Be3 O-O 9. Nb3 d6 10. f4 a6 11. Bf3 Rb8 12. Qd2 b5 13. Qf2 Bb7 14. Rad1 Rbc8 15. Rd2 Rfe8 16. Rfd1 Bf8 17. g4 b4 18. Ne2 e5 19. g5 Nd7 20. f5 a5 21. g6 fxg6 22. fxg6 h6 23. Bg4 Nf6 24. Bxc8 Qxc8 25. Ng3 Qg4 26. Qf5 a4 27. Nc1 Qxf5 28. Nxf5 Nxe4 29. Nxd6 Bxd6 30. Rxd6 Nxd6 31. Rxd6 Rd8 32. Rxd8+ Nxd8 33. Nd3 Nc6 34. Nc5 Bc8 35. Nxa4 Bf5 36. c3 Bxg6 37. cxb4 Nxb4 38. a3 Nc2 39. Kf2 Kf7 40. Bc5 Bd3 41. Nc3 g5 42. a4 Ke6 43. b4 Kd7 44. b5 Bc4 45. Kf3 h5 46. Ke4 Ke6 47. a5 Bf1 48. a6 g4 49. Bf2 Nb4 50. a7 Bg2+ 51. Ke3 Nd5+ 52. Nxd5 Bxd5 53. Bg3 Bb7 54. Kd3 Kd5 55. Bf2 Ba8 56. b6 Bb7 57. Bg3 Kc5 58. Bf2+ Kd5 59. Bh4 Kc5 60. Bd8 h4 61. Bxh4 Kxb6 62. Bf2+ Ka6 63. Kc4 Bg2 64. Bc5 Kb7 65. Kd3 Ka8 66. Ke3 Kb7 {[%emt 0:00:21] Kd4} 1/2-1/2

[Event "FRA-ch Open A-D 2018"]
[Site "Nimes"]
[Date "2018.08.23"]
[Round "6"]
[White "Ben Hamed, Cherif"]
[Black "Brouard, Gregoire"]
[Result "0-1"]
[ECO "E81"]
[WhiteElo "1935"]
[BlackElo "1898"]
[Annotator "NA RC"]
[PlyCount "80"]
[EventDate "2018.08.18"]
[EventType "tourn"]
[EventCountry "FRA"]
[SourceTitle "playchess.com"]
[Source "ChessBase"]
[SourceQuality "1"]
[TimeControl "40/5400+30:1800+30"]

1. d4 Nf6 2. c4 g6 3. Nc3 Bg7 4. e4 d6 5. f3 O-O 6. Bg5 c5 7. d5 a6 8. a4 h6 9. Be3 e6 10. Nge2 exd5 11. cxd5 Nbd7 12. Qd2 Kh7 13. Nc1 Rb8 14. Be2 Ne5 15. O-O $11 Qe8 16. h3 b5 17. axb5 axb5 18. b3 b4 19. Nd1 Nh5 20. Ra7 Ng3 21. Re1 Nxe2+ 22. Qxe2 Qd8 23. Nd3 Nxd3 24. Qxd3 Bd7 25. Qc2 Bb5 26. Nb2 Ra8 27. Rea1 Rxa7 28. Rxa7 Qb8 29. Ra2 f5 30. Nc4 fxe4 31. fxe4 Qc7 32. Qd3 Qe7 33. Re2 Ra8 34. Bf4 Qf6 35. Bg3 Ra1+ 36. Re1 Rxe1+ 37. Bxe1 Qd4+ 38. Qxd4 Bxd4+ 39. Kf1 Bxc4+ 40. bxc4 b3 0-1

[Event "FRA-ch Open A-D 2018"]
[Site "Nimes"]
[Date "2018.08.23"]
[Round "6"]
[White "Rihouey, Franck"]
[Black "Sabatier, Mathis"]
[Result "0-1"]
[ECO "D00"]
[WhiteElo "1851"]
[BlackElo "1904"]
[Annotator "NA RC"]
[PlyCount "134"]
[EventDate "2018.08.18"]
[EventType "tourn"]
[EventCountry "FRA"]
[SourceTitle "playchess.com"]
[Source "ChessBase"]
[SourceQuality "1"]
[TimeControl "40/5400+30:1800+30"]

1. d4 d5 2. Bf4 Nf6 3. e3 c5 4. Nf3 Nc6 5. c3 Qb6 6. Qb3 c4 7. Qxb6 axb6 8. Be2 Bf5 9. Nbd2 h6 10. O-O b5 11. a3 e6 12. Ne5 Nxe5 13. Bxe5 Nd7 14. Bg3 Nb6 15. Rfc1 Na4 16. b4 Kd7 17. f3 Bd6 18. Bxd6 Kxd6 19. e4 Bh7 20. e5+ Ke7 21. Bd1 Ra6 22. Kf2 Nb2 23. Bc2 Nd3+ 24. Bxd3 Bxd3 25. Ra2 Rha8 26. Rca1 f6 27. f4 Kf7 28. Nf3 Kg6 29. Ke3 Be4 30. Nd2 Bd3 31. Nf3 Ra4 32. g3 Rf8 33. Ne1 Be4 34. Rf2 fxe5 35. dxe5 Rfa8 36. Rfa2 Kf5 37. Kd4 Rc8 38. Ke3 Rca8 39. Kd4 b6 40. Ke3 g5 41. fxg5 hxg5 42. Kd4 g4 43. Rf2+ Kg5 44. Rfa2 Rf8 45. Ng2 Bxg2 46. Rxg2 Rf3 47. Rd2 Ra8 48. Raa2 Rf1 49. Rf2 Rd1+ 50. Rad2 Rxd2+ 51. Rxd2 Rxa3 52. Rf2 Ra1 53. Rf8 Rd1+ 54. Ke3 Rd3+ 55. Ke2 Rxc3 56. Rf6 d4 57. Rxe6 Kf5 58. Rxb6 Re3+ 59. Kd2 Rxe5 60. Rc6 Ke4 61. Rg6 Kf3 62. Rf6+ Kg2 63. Rf4 Kxh2 64. Rxg4 d3 65. Rg8 Re2+ 66. Kd1 c3 67. Rd8 c2+ {[%emt 0:00:17] Kxe2} 0-1

[Event "FRA-ch Open A-D 2018"]
[Site "Nimes"]
[Date "2018.08.23"]
[Round "6"]
[White "Dimey, Cyrille"]
[Black "Cassam-Chenai, Eric"]
[Result "1-0"]
[ECO "E45"]
[WhiteElo "1807"]
[BlackElo "1914"]
[Annotator "NA RC"]
[PlyCount "176"]
[EventDate "2018.08.18"]
[EventType "tourn"]
[EventCountry "FRA"]
[SourceTitle "playchess.com"]
[Source "ChessBase"]
[SourceQuality "1"]
[TimeControl "40/5400+30:1800+30"]

1. d4 Nf6 2. c4 e6 3. Nc3 Bb4 4. e3 b6 5. Nge2 Ba6 6. Ng3 d5 7. Qa4+ Nc6 8. Qxc6+ Kf8 9. Qa4 Bxc3+ 10. bxc3 Bb7 11. Ba3+ Kg8 12. c5 c6 13. Bd3 h5 14. h3 h4 15. Nf1 Nd7 16. Nd2 e5 17. Qc2 e4 18. Be2 Qg5 $18 19. Rg1 f5 20. O-O-O b5 21. g3 Qh6 22. g4 fxg4 23. Rxg4 Nf6 24. Rgg1 Bc8 25. Rh1 Kf7 26. Rdg1 g6 27. Qd1 Bf5 28. Kb1 a5 29. Bc1 a4 30. Ba3 Rhe8 31. Qf1 Reb8 32. Bb4 Re8 33. Qg2 Rh8 34. Qg5 Qxg5 35. Rxg5 Nh7 36. Rg2 Nf6 37. Kb2 Ke6 38. Bd1 Kd7 39. Bc2 Kc7 40. Kb1 Kb7 41. Ba3 Ka6 42. Bc1 Rae8 43. Kb2 Re6 44. Rhh2 Rh6 45. Rg1 Ka5 46. a3 Ka6 47. f3 Kb7 48. fxe4 dxe4 49. c4 Ka6 50. Kc3 Re8 51. Bd1 Rc8 52. Be2 Ka5 53. Bf1 Rh7 54. Rf2 Nh5 55. Bg2 Ng3 56. Nf1 Nh5 57. Rb2 Rd7 58. Bd2 Rh7 59. Kc2+ Ka6 60. cxb5+ cxb5 61. Be1 Nf6 62. Bb4 Nd5 63. Kd1 Rd7 64. Ke2 Rc6 65. Nd2 Nf6 66. Rbb1 Re7 67. Rbf1 Nd5 68. Nb1 Nf6 69. Nc3 Rd7 70. Rf4 Nh5 71. Rxh4 Rh7 72. Kd2 g5 73. Rxh5 Rxh5 74. Bxe4 Rf6 75. Nd5 Rf7 76. Bxf5 Rxf5 77. Nc7+ Kb7 78. Nxb5 Rf2+ 79. Kd3 Rf3 80. Nd6+ Kc6 81. Ne4 Rhxh3 82. Nxg5 Rxe3+ 83. Kc4 Rh4 84. Nf7 Rf4 85. Rg6+ Kb7 86. Nd8+ Kc8 87. Rd6 Rf8 88. Nc6 Rh8 1-0

[Event "FRA-ch Open A-D 2018"]
[Site "Nimes"]
[Date "2018.08.23"]
[Round "6"]
[White "Famel, Edouard"]
[Black "Lancelot, Renaud"]
[Result "0-1"]
[ECO "C02"]
[WhiteElo "1762"]
[BlackElo "1882"]
[Annotator "NA RC"]
[PlyCount "114"]
[EventDate "2018.08.18"]
[EventType "tourn"]
[EventCountry "FRA"]
[SourceTitle "playchess.com"]
[Source "ChessBase"]
[SourceQuality "1"]
[TimeControl "40/5400+30:1800+30"]

1. e4 e6 2. d4 d5 3. e5 c5 4. Nf3 Nc6 5. Bd3 cxd4 6. O-O Qc7 7. Re1 Nge7 8. Bf4 Ng6 9. Bg3 Bd7 10. Nbd2 Bb4 11. a3 Ba5 12. b4 Bb6 13. Nb3 a6 14. Qd2 Rc8 $11 15. a4 a5 16. bxa5 Nxa5 17. Nfxd4 Nc4 18. Qg5 Qd8 19. Qh5 Qe7 20. Qg4 Bd8 21. f4 Nb2 22. Bb5 h5 23. Qf3 Bb6 24. Kh1 Qb4 25. Bf2 Nc4 26. Re2 Bxb5 27. Nxb5 Bxf2 28. Qxf2 O-O 29. Qf3 Ra8 30. Nc3 Rfc8 31. Na2 Qxa4 32. g3 Qb5 33. Ree1 Na3 34. Nd4 Qb2 35. c3 Nc2 36. Nxc2 Rxa2 37. Rxa2 Qxa2 38. Qd3 Qb2 39. Re3 Qb1+ 40. Re1 Qb2 41. Re3 Ra8 42. Re2 Ne7 43. h3 Rc8 44. Re3 Nf5 45. Rf3 Rc4 46. Kg1 h4 47. g4 Ng3 48. Ne1 Rxc3 49. Qd1 Rc1 50. Rb3 Rxd1 51. Rxb2 Rxe1+ 52. Kf2 Re2+ 53. Rxe2 Nxe2 54. Kxe2 b5 55. Kd3 g5 56. fxg5 Kg7 57. Kd4 b4 0-1

[Event "FRA-ch Open A-D 2018"]
[Site "Nimes"]
[Date "2018.08.23"]
[Round "6"]
[White "Pham, Virgile"]
[Black "Auffray-Bonnet, Gaspard"]
[Result "0-1"]
[ECO "B21"]
[WhiteElo "1692"]
[BlackElo "1736"]
[Annotator "NA RC"]
[PlyCount "78"]
[EventDate "2018.08.18"]
[EventType "tourn"]
[EventCountry "FRA"]
[SourceTitle "playchess.com"]
[Source "ChessBase"]
[SourceQuality "1"]
[TimeControl "40/5400+30:1800+30"]

1. e4 c5 2. d4 cxd4 3. c3 d5 4. exd5 Nf6 5. cxd4 Nxd5 6. Nc3 Bf5 7. Bd3 Bxd3 8. Qxd3 Nb4 9. Qb5+ N8c6 10. d5 a6 11. Qa4 b5 12. Qd1 Nd4 13. Kf1 Nbc2 14. Be3 Nxe3+ 15. fxe3 Nf5 16. Qf3 g6 17. Nge2 b4 18. Nd1 Bg7 19. Kf2 O-O 20. Rf1 Rc8 21. Kg1 Rc2 22. Rc1 Qc7 23. Nf2 Bxb2 24. Rb1 Be5 25. Ng4 h5 26. Nxe5 Qxe5 27. e4 Nd4 28. Nxd4 Qxd4+ 29. Kh1 Rxa2 30. Rbc1 a5 31. Rc7 Qe5 32. Rc6 Qg5 33. d6 exd6 34. Rxd6 Qg4 35. h3 Qxf3 36. Rxf3 a4 37. Rb6 b3 38. Rf1 b2 39. Kg1 a3 0-1

[Event "FRA-ch Open A-D 2018"]
[Site "Nimes"]
[Date "2018.08.23"]
[Round "6"]
[White "Cregut, Marian"]
[Black "Alashtar, Aasef"]
[Result "0-1"]
[ECO "B06"]
[WhiteElo "1638"]
[BlackElo "1724"]
[Annotator "NA RC"]
[PlyCount "94"]
[EventDate "2018.08.18"]
[EventType "tourn"]
[EventCountry "FRA"]
[SourceTitle "playchess.com"]
[Source "ChessBase"]
[SourceQuality "1"]
[TimeControl "40/5400+30:1800+30"]

1. e4 g6 2. d4 Bg7 3. c3 d6 4. f4 e6 5. Nf3 Ne7 6. Bd3 O-O 7. O-O c5 8. Nbd2 Nbc6 9. Nb3 b6 10. Be3 a5 11. a4 Qc7 12. Qd2 Ba6 13. Bxa6 Rxa6 14. Rad1 c4 15. Qe2 d5 16. e5 Raa8 17. Na1 b5 18. b3 Na7 19. bxc4 dxc4 20. axb5 Nxb5 21. Rc1 Nd5 22. Bd2 Rfb8 23. Ng5 a4 24. Ne4 Na3 25. Nc2 Nxc2 26. Rxc2 Bf8 27. Ra2 Rb3 28. Rfa1 a3 29. g4 Rab8 30. Qg2 Rb1+ 31. Kf2 Rxa1 32. Rxa1 Rb2 33. Kf3 Qb7 34. Kg3 Qb3 35. f5 Rb1 36. fxe6 fxe6 37. Qf3 Rxa1 38. Nf6+ Nxf6 39. Qxf6 Qb7 40. Qxe6+ Qf7 41. Qc8 Rg1+ 42. Kh3 Qf3+ 43. Kh4 Qf2+ 44. Kh3 Qg2+ 45. Kh4 Qxh2+ 46. Kg5 Qxd2+ 47. Kf6 Qf4+ 0-1

[Event "FRA-ch Open A-D 2018"]
[Site "Nimes"]
[Date "2018.08.23"]
[Round "6"]
[White "Chemier, Maxime"]
[Black "Guerin, Laurent"]
[Result "1-0"]
[ECO "C02"]
[WhiteElo "1626"]
[BlackElo "1538"]
[Annotator "NA RC"]
[PlyCount "57"]
[EventDate "2018.08.18"]
[EventType "tourn"]
[EventCountry "FRA"]
[SourceTitle "playchess.com"]
[Source "ChessBase"]
[SourceQuality "1"]
[TimeControl "40/5400+30:1800+30"]

1. e4 e6 2. d4 d5 3. e5 c5 4. c3 Nc6 5. Nf3 Bd7 6. Be2 cxd4 7. cxd4 Bb4+ 8. Bd2 Bxd2+ 9. Nbxd2 Nge7 10. O-O Nf5 11. Nb3 O-O 12. a3 b6 13. Bd3 Nce7 14. Qd2 Qe8 15. Ng5 Bb5 16. g4 Nh4 17. Bxh7+ Kh8 18. Bd3 f6 19. exf6 Rxf6 20. f4 Bxd3 21. Qxd3 Qg6 22. Qg3 Qh6 23. Rae1 Raf8 24. Nh3 Rg6 25. Ng5 Rgf6 26. Nxe6 Rxe6 27. Rxe6 Qxe6 28. Qxh4+ Kg8 29. Re1 1-0

[Event "FRA-ch Open A-D 2018"]
[Site "Nimes"]
[Date "2018.08.23"]
[Round "6"]
[White "Greget, Mathias"]
[Black "Rasolo, Loick"]
[Result "0-1"]
[ECO "C45"]
[WhiteElo "1577"]
[BlackElo "1723"]
[Annotator "NA RC"]
[PlyCount "40"]
[EventDate "2018.08.18"]
[EventType "tourn"]
[EventCountry "FRA"]
[SourceTitle "playchess.com"]
[Source "ChessBase"]
[SourceQuality "1"]
[TimeControl "40/5400+30:1800+30"]

1. e4 Nc6 2. Nf3 e5 3. d4 exd4 4. Nxd4 Nf6 5. Nxc6 bxc6 6. e5 Nd5 7. c4 Nb6 8. Nc3 Bb4 9. Qb3 Qe7 10. Be2 O-O 11. O-O a5 12. Bf4 d6 13. exd6 cxd6 14. Bf3 Ba6 15. Bxc6 Bxc4 16. Qc2 Rac8 17. Rfe1 Qf6 18. Qe4 Bxc3 19. bxc3 d5 20. Be5 dxe4 0-1

[Event "FRA-ch Open A-D 2018"]
[Site "Nimes"]
[Date "2018.08.23"]
[Round "6"]
[White "Leprince, Solal"]
[Black "Legeay, Julie"]
[Result "1-0"]
[ECO "B08"]
[WhiteElo "1432"]
[BlackElo "1477"]
[Annotator "NA RC"]
[PlyCount "65"]
[EventDate "2018.08.18"]
[EventType "tourn"]
[EventCountry "FRA"]
[SourceTitle "playchess.com"]
[Source "ChessBase"]
[SourceQuality "1"]
[TimeControl "40/5400+30:1800+30"]

1. e4 d6 2. d4 Nf6 3. Nc3 g6 4. Nf3 Bg7 5. Be3 O-O 6. Qd2 c6 7. Bh6 b5 8. b4 Nbd7 9. Bxg7 Kxg7 10. Bd3 a6 11. h3 Nb6 12. Qg5 h6 13. Qe3 Be6 14. g4 Nh7 15. Rg1 Qc8 16. Kd2 Bc4 17. h4 Nf6 18. Qf4 Be6 19. g5 hxg5 20. hxg5 Nh5 21. Qe3 Bc4 22. Nh4 e6 23. f4 Bxd3 24. cxd3 Qd7 25. Qf3 d5 26. f5 dxe4 27. f6+ Kg8 28. Qxe4 Qd6 29. Nxg6 Qh2+ 30. Rg2 Qxg2+ 31. Qxg2 fxg6 32. Qxc6 Nd5 33. Qxe6+ 1-0